 Dungeon Crawl Stone Soup version 0.29.1-15-g9cfb28693d (webtiles) character file.

Game seed: 12494434731475162614

1489 Descartes the Covert (level 8, -12/38 (42) HPs)
             Began as a Spriggan Chaos Knight on Mar 13, 2023.
             Was a Plaything of Xom.
             Mangled by an orc warrior
             ... wielding a +0 scimitar
             ... summoned by Xom
              (20 damage)
             ... on level 7 of the Dungeon on Mar 14, 2023.
             The game lasted 00:10:44 (5300 turns).

Descartes the Covert (Spriggan Chaos Knight)        Turns: 5300, Time: 00:10:45

HP:   -12/38 (42)   AC:  3    Str: 10    XL:     8   Next: 51%
MP:   9/9           EV: 20    Int: 13    God:    Xom [...*..]
Gold: 353           SH:  0    Dex: 15    Spells: 7/7 levels left

rFire   . . .      SeeInvis +   o - +4 sling "Cimicuw" {venom, Fly Will+}
rCold   . . .      Faith    .   (no shield)
rNeg    . . .      Spirit   .   b - +2 robe
rPois   .          Reflect  .   (helmet restricted)
rElec   .          Harm     .   s - scarf {+Inv}
rCorr   .          Rampage  .   (gloves unavailable)
Will    ++...                   (boots unavailable)
Stlth   ++++......              y - amulet of regeneration
HPRegen 0.92/turn               (no ring)
MPRegen 0.11/turn               (no ring)

@: flying, drained, unable to read, very quick
A: very small, no large weapons, unfitting armour, see invisible, speed 3,
deformed body, inability to read after injury 1
a: Renounce Religion, Evoke Invisibility


You were on level 7 of the Dungeon.
You worshipped Xom.
You were a favourite toy of Xom.
You visited 1 branch of the dungeon, and saw 7 of its levels.

You collected 353 gold pieces.

Inventory:

Hand Weapons
 a - a +0 short sword of chaos
 h - a +1 dagger of speed
 o - the +4 sling "Cimicuw" (weapon) {venom, Fly Will+}
   (You found it on level 3 of the Dungeon)

   Any ammunition fired from it poisons the flesh of those it strikes.
   Fly:       It grants you flight.
   Will:      It increases your willpower.
 w - a +4 short sword
Missiles
 v - a boomerang of dispersal (quivered)
Armour
 b - a +2 robe (worn)
 s - a scarf of invisibility (worn)
 x - a +0 cloak
Jewellery
 i - an amulet of guardian spirit
 l - an amulet of faith
 y - an amulet of regeneration (around neck)
Wands
 C - a wand of flame (20)
Scrolls
 d - 5 scrolls of identify {unknown}
 e - a scroll of amnesia {unknown}
 n - 4 scrolls of teleportation {unknown}
 u - a scroll of butterflies {unknown}
 z - a scroll of noise {unknown}
Potions
 f - a potion of invisibility {unknown}
 g - a potion of mutation {unknown}
 j - a potion of haste {unknown}
 k - a potion of brilliance {unknown}
 m - a potion of cancellation {unknown}
 p - a potion of resistance {unknown}
 q - 2 potions of magic {unknown}
 r - 2 potions of attraction {unknown}
 t - a potion of ambrosia {unknown}
 A - a potion of lignification {unknown}
 B - a potion of might {unknown}
Miscellaneous
 c - a piece from Xom's chessboard (15/15)


   Skills:
 + Level 4.3 Fighting
 - Level 4.0 Short Blades
 * Level 5.5 Ranged Weapons
 + Level 6.5 Dodging
 * Level 9.3 Stealth


You had 7 spell levels left.
You didn't know any spells.
Your spell library contained the following spells:

 Spells                   Type           Power      Damage    Failure   Level
 Shock                    Conj/Air       0%         1d3       30%         1
 Ozocubu's Armour         Ice            0%         N/A       67%         3
 Stone Arrow              Conj/Erth      0%         3d7       67%         3
 Swiftness                Air            0%         N/A       67%         3
 Airstrike                Air            0%         2d(0-16)  97%         4
 Animate Armour           Summ/Erth      0%         N/A       97%         4
 Metabolic Englaciation   Hex/Ice        0%         N/A       100%        5
 Summon Forest            Summ/Tloc      0%         N/A       100%        5
 Eringya's Noxious Bog    Tmut/Pois      0%         N/A       100%        6
 Simulacrum               Ice/Necr       0%         N/A       100%        6
 Summon Hydra             Summ           0%         N/A       100%        7
 Lehudib's Crystal Spear  Conj/Erth      0%         10d2      100%        8


Dungeon Overview and Level Annotations

Branches:
Dungeon (7/15)
 Temple: D:4-7

Altars:
Ashenzari
Gozag
Hepliaklqana
Zin

Shops:
D:4 =

Annotations:
D:5 laros's ghost, novice MiBe


Innate Abilities, Weirdness & Mutations

You are very small and have problems with some larger weapons.
You are too small for most types of armour.
You have supernaturally acute eyesight. (SInv)
You cover ground extremely quickly. (Speed+++)
Armour fits poorly on your strangely shaped body.
You occasionally lose the ability to read scrolls when taking damage.


Message History

You fly downwards.
Found a short sword.
There is a stone staircase leading up here.
There is a stone staircase leading up here.
Found a long sword.
There is a shaft here. "Fight to survive, mortal."
You shoot a sling bullet. The sling bullet barely misses the orc.
The orc hits you with a +0 trident!
You shoot a sling bullet. The sling bullet hits the orc warrior.
The orc warrior is poisoned.
The orc warrior is lightly wounded.
The orc hits you with a +0 trident. The orc warrior misses you.
The orc barely misses you.
You feel drained.
You fail to use your ability.
The orc hits you with a +0 trident.
Throw: 3 boomerangs (disperse)
Press: ? - help, Q - select action, (/) - cycle Shift-Dir - straight line, f/p - orc warrior
Aim: an orc warrior, wielding a +0 scimitar and wearing a +0 chain mail (lightly wounded, summoned, very poisoned, 57% to hit)
You throw a boomerang of dispersal.
The boomerang of dispersal completely misses the orc warrior.
The boomerang of dispersal barely misses the orc.
The boomerang of dispersal hits the orc.
The orc blinks!
The orc closely misses you.
The orc warrior hits you with a +0 scimitar!
Throw: 2 boomerangs (disperse)
Press: ? - help, Q - select action, (/) - cycle Shift-Dir - straight line, f/p - orc warrior
Aim: an orc warrior, wielding a +0 scimitar and wearing a +0 chain mail (moderately wounded, summoned, very poisoned, 57% to hit)
You throw a boomerang of dispersal.
The boomerang of dispersal hits the orc warrior but does no damage.
The orc warrior is moderately wounded.
The orc hits you with a +0 trident!
You feel threatened and lose the ability to read scrolls!
* * * LOW HITPOINT WARNING * * *
The orc warrior barely misses you.
The orc warrior hits you with a +0 scimitar!!
Ouch! That really hurt!
You die...
Xom giggles madly!

#..###..#######
##.....#####..#
##.......##.###
####......##..##
....##....#....#
....####.....####
.....#####..###5#
.......####.###o##
.........#..§ooo@#
..##.......#######
.# ##.###^.# .
#..##..# #
##..#..## .##
#......#
...###......#
........#....#
.###...#####..#


You could see an orc warrior (summoned, poisoned), a white imp (summoned) and 3
orcs.

Vanquished Creatures
  Edmund (D:4)
  A water moccasin (D:5)
  A sky beast (D:6)
  A black bear (D:6)
  An ogre (D:6)
  2 phantoms
  Blork the orc (D:4)
  A scorpion (D:5)
  2 howler monkeys (D:6)
  4 hounds
  2 iguanas (D:6)
  An orc wizard (D:4)
  10 adders
  A white imp (D:4)
  A worm (D:2)
  A dart slug (D:5)
  4 orcs
  3 ball pythons
  6 bats
  13 endoplasms
  5 giant cockroaches
  8 goblins
  4 hobgoblins
  6 jackals
  9 kobolds
  2 quokkas
  7 frilled lizards
  8 rats
106 creatures vanquished.

Vanquished Creatures (collateral kills)
  A black bear (D:6)
  3 wights (D:6)
  A shadow imp (D:6)
  An orc (D:5)
6 creatures vanquished.

Grand Total: 112 creatures vanquished

Notes
Turn   | Place    | Note
-------+----------+-------------------------------------------
     0 | D:1      | Descartes the Spriggan Chaos Knight began the quest for the
                  | Orb.
     0 | D:1      | Reached XP level 1. HP: 11/11 MP: 2/2
   348 | D:1      | XOM: silly message
   418 | D:1      | Found a faded altar of an unknown god.
   445 | D:1      | Reached XP level 2. HP: 16/16 MP: 3/3
   658 | D:1      | XOM: scenery: 1 doors open, 1 doors close
   730 | D:1      | XOM: 1-stop teleportation journey
   876 | D:1      | Reached skill level 1 in Stealth
  1050 | D:1      | XOM: enchant monster (bad)
  1553 | D:2      | Reached XP level 3. HP: 19/19 MP: 4/4
  1722 | D:2      | Reached skill level 2 in Stealth
  1758 | D:2      | XOM: enchant monster (bad)
  2311 | D:3      | Identified the +4 sling "Cimicuw" {venom, Fly Will+}
  2446 | D:3      | Found a hazy altar of Hepliaklqana.
  2455 | D:3      | Reached XP level 4. HP: 23/23 MP: 5/5
  2523 | D:3      | Reached skill level 3 in Stealth
  2549 | D:3      | Noticed a phantom
  2555 | D:3      | XOM: noise
  2558 | D:3      | XOM: god gift: +6 quick blade
  2562 | D:3      | Killed a phantom
  2563 | D:3      | Reached skill level 1 in Ranged Weapons
  2563 | D:3      | Reached skill level 4 in Stealth
  2563 | D:3      | Reached XP level 5. HP: 27/28 MP: 6/6
  2583 | D:3      | XOM: give mutation
  2583 | D:3      | Gained mutation: You occasionally lose the ability to read
                  | scrolls when taking damage. [Xom's mischief]
  2726 | D:3      | XOM: summons 3 hostile demons
  2858 | D:4      | Found a broken altar of Ashenzari.
  2892 | D:4      | Noticed Blork the orc
  2898 | D:4      | Killed Blork the orc
  2899 | D:4      | Reached skill level 5 in Stealth
  2899 | D:4      | Reached XP level 6. HP: 32/32 MP: 7/7
  2972 | D:4      | XOM: give mutation
  2972 | D:4      | Gained mutation: Your body sometimes deteriorates upon
                  | taking damage. [Xom's mischief]
  3101 | D:4      | Noticed Edmund
  3119 | D:4      | Killed Edmund
  3120 | D:4      | Reached skill level 5 in Dodging
  3120 | D:4      | Reached skill level 6 in Stealth
  3227 | D:4      | XOM: silly message
  3455 | D:4      | XOM: silly message
  3498 | D:4      | Found Soejubaj's One-of-a-Kind Rings.
  3664 | D:4      | XOM: give mutations
  3664 | D:4      | Lost mutation: Your body sometimes deteriorates upon taking
                  | damage. [Xom's mischief]
  3664 | D:4      | Gained mutation: Armour fits poorly on your strangely
                  | shaped body. [Xom's mischief]
  3664 | D:4      | Gained mutation: You are agile. (Dex +4, Str/Int -1) [Xom's
                  | mischief]
  3664 | D:4      | Lost mutation: You are agile. (Dex +4, Str/Int -1) [Xom's
                  | mischief]
  3736 | D:5      | Entered Level 5 of the Dungeon
  3740 | D:5      | Reached XP level 7. HP: 36/36 MP: 8/8
  3843 | D:5      | XOM: silly message
  4065 | D:5      | Reached skill level 7 in Stealth
  4230 | D:5      | Found a runed translucent door.
  4257 | D:5      | XOM: cloud trail
  4266 | D:5      | Noticed laros's ghost (novice MiBe)
  4340 | D:5      | XOM: silly message
  4388 | D:5      | XOM: butterfly on damage
  4403 | D:5      | XOM: swap monsters
  4406 | D:5      | XOM: cast spell 'Summon Cactus Giant'
  4419 | D:5      | XOM: blink monster(s)
  4432 | D:5      | XOM: scenery: 2 doors close
  4452 | D:6      | XOM: noise
  4513 | D:6      | XOM: enchant monster (bad)
  4841 | D:6      | Reached skill level 8 in Stealth
  4841 | D:6      | Reached XP level 8. HP: 42/42 MP: 9/9
  4861 | D:6      | XOM: 4-stop teleportation journey
  4869 | D:6      | XOM: polymorph bullfrog -> ogre
  4936 | D:6      | Reached skill level 5 in Ranged Weapons
  5049 | D:6      | Reached skill level 9 in Stealth
  5060 | D:6      | XOM: god gift: war axe {god gift}
  5078 | D:6      | Found a glowing silver altar of Zin.
  5079 | D:6      | Found an opulent altar of Gozag.
  5119 | D:6      | XOM: god gift: 6 atropa-tipped darts
  5293 | D:7      | XOM: summons 3 hostile shadow creatures
  5300 | D:7      | Mangled by an orc warrior

Illustrated notes

Levels and vault maps discovered:
D:1:      shiori_arrival_maze, layout_basic,
          shapermc_ecumenical_altar_flowoftime
D:2:      layout_basic, serial_curves, eino_curves_01, eino_curves_04,
          minmay_door_square
D:3:      layout_rooms, mainiacjoe_overflow_brackets
D:4:      layout_loops_ring, nicolae_ashenzari_panopticon,
          nicolae_shop_unique_rings, uniq_edmund, uniq_blork_the_orc
D:5:      layout_gridville, ebering_ghost_sewer_d, serial_shops, shop_statue
D:6:      black_bear_nest_1, layout_rooms,
          grunt_temple_overflow_gold_and_silver, grunt_ministairs_5
D:7:      layout_layer_cave, minmay_temple_entry_antechambers

Skill      XL: |  1  2  3  4  5  6  7  8 |
---------------+-------------------------+-----
Stealth        | 1 2 4 5 6 8 9 |  9.3
Short Blades   | 4 |  4.0
Dodging        | 4 5 6 |  6.5
Fighting       | 3 4 |  4.3
Ranged Weapons | 1 2 3 4 5 |  5.5

Action                   |  1- 3 |  4- 6 |  7- 9 || total
-------------------------+-------+-------+-------++-------
Melee: Short sword       |   120 |       |       ||   120
       Punch             |     1 |       |       ||     1
 Fire: Sling             |    21 |    98 |   115 ||   234
Throw: Boomerang         |       |       |     2 ||     2
 Stab: Sleeping          |    12 |       |       ||    12
       Paralysed         |     1 |       |       ||     1
Armor: Robe              |    25 |     2 |     5 ||    32
Dodge: Dodged            |   112 |    29 |    49 ||   190
